 Dungeon Crawl Stone Soup version 0.31-a0-978-g1e143483b6 (webtiles) character file.

Game seed: 14575315039282578848

447 ragingrage the Changeling (level 7, 0/57 HPs)
             Began as a Naga Shapeshifter on Oct 30, 2023.
             Slain by a gnoll
             ... wielding a +0 spear
             ... led by a gnoll bouda
              (3 damage)
             ... on level 4 of the Dungeon.
             The game lasted 00:04:45 (3840 turns).

ragingrage the Changeling (Naga Shapeshifter)       Turns: 3840, Time: 00:04:46

Health: 0/57       AC:  3    Str: 25    XL:     7   Next: 3%
Magic:  7/7        EV:  9    Int: 10    God:
Gold:   149        SH:  0    Dex: 10    Spells: 6/6 levels left

rFire   . . .        j - +8 whip of Xiallaeng {distort, rPois rN+}
rCold   . . .        (no shield)
rNeg    + . .        a - +0 animal skin
rPois   +            (helmet currently unavailable)
rElec   .            (cloak currently unavailable)
rCorr   .            (gloves currently unavailable)
SInv    +            (no barding)
Will    .....        (no amulet)
Stlth   +            g - +6 ring of strength
HPRegen 0.29/turn    (no ring)
MPRegen 0.10/turn

%: no passive effects
@: beast-form, very slow
A: beast (slay +3), AC +2, large, see invisible, deformed body, poison
resistance, slowness 2, spit poison 1, naga tail 1
a: Spit Poison, Begin Untransformation


You were on level 4 of the Dungeon.
You were a hulking beast.
You visited 1 branch of the dungeon, and saw 4 of its levels.

You collected 181 gold pieces.
You spent 32 gold pieces at shops.

Inventory:

Hand Weapons
 i - a +1 sling
 j - the +8 whip of Xiallaeng (weapon) {distort, rPois rN+}
   (You took it off a hobgoblin on level 2 of the Dungeon)

   rPois:     It protects you from poison rN+: It protects you from negative
   energy.
Missiles
 p - 12 poisoned darts
Armour
 a - a +0 animal skin (worn)
 b - a +1 helmet
Jewellery
 g - a +6 ring of strength (left hand)
Talismans
 c - a beast talisman
 d - a flux talisman
 w - a blade talisman
Scrolls
 h - 2 scrolls of revelation
 k - 2 scrolls of fog
 m - a scroll of teleportation {unknown}
 n - 2 scrolls of noise
 o - a scroll of fear {unknown}
 q - a scroll of brand weapon {unknown}
 v - a scroll of immolation
Potions
 l - a potion of berserk rage {unknown}
 r - a potion of curing {unknown}
 s - 4 potions of cancellation
 t - a potion of invisibility {unknown}
 u - a potion of ambrosia


   Skills:
 - Level 1.0 Fighting
 + Level 1.4 Maces & Flails
 - Level 1.5 Dodging
 - Level 4.4 Unarmed Combat
 - Level 6.2 Shapeshifting


You had 6 spell levels left.
You didn't know any spells.
Your spell library contained the following spells:

 Spells                   Type           Power      Damage    Failure   Level
 Ensorcelled Hibernation  Hex/Ice        0%         N/A       50%         2
 Jinxbite                 Hex            0%         N/A       50%         2
 Lesser Beckoning         Tloc           0%         N/A       50%         2
 Gell's Gravitas          Tloc           0%         N/A       75%         3
 Teleport Other           Tloc           0%         N/A       75%         3
 Anguish                  Hex/Necr       0%         N/A       98%         4


Dungeon Overview and Level Annotations

Branches:
Dungeon (4/15)
 Temple: D:4-7

Altars:
Fedhas
Qazlal

Shops:
D:2 (   D:3 *


Innate Abilities, Weirdness & Mutations

You are a hulking beast.
Your limbs bulge with bestial killing power. (Slay +3)
Your serpentine skin is tough. (AC +2)
You have supernaturally acute eyesight. (SInv)
Armour fits poorly on your strangely shaped body.
Your system is resistant to poisons. (rPois)
You cover ground very slowly.
You can spit poison.
You have a snake-like lower body.


Message History

Press: ? - help, Shift-Dir - straight line, f - gnoll bouda
Aim: a gnoll bouda, wielding a +0 club and wearing a +0 robe (65% to hit)
The splash of poison hits the gnoll bouda.
The gnoll bouda is poisoned.
You hit the gnoll bouda.
Space warps around the gnoll bouda.
The gnoll bouda hits you with a +0 club.
The gnoll barely misses you.
You closely miss the gnoll bouda. You punch the gnoll bouda.
The gnoll bouda hits you with a +0 club.
The gnoll hits you from afar with a +0 halberd!
The gnoll hits you from afar with a +0 spear.
The gnoll shouts!
You hit the gnoll bouda.
Space warps around the gnoll bouda.
You kill the gnoll bouda!
You have got your breath back.
The gnoll hits you from afar with a +0 halberd.
The gnoll hits you from afar with a +0 spear.
Your Maces & Flails skill increases to level 1!
You have reached level 7!
Okay, then.
As you read the scroll labelled XACEYM JON, it crumbles to dust.
It is a scroll of enchant weapon.
Your +0 sling glows red for a moment.
The gnoll closely misses you. The gnoll hits you but does no damage.
Unknown command.
As you read the scroll labelled VUEG YWEOGREASM, it crumbles to dust.
It is a scroll of enchant armour.
Your +0 helmet glows green for a moment.
The gnoll is no longer moving quickly.
The gnoll hits you from afar with a +0 halberd.
The gnoll hits you from afar with a +0 spear.
* * * LOW HITPOINT WARNING * * *
Unknown command.
As you read the scroll labelled LUSMA KEOTAFF, it crumbles to dust.
The creatures around you are filled with an inner flame!
It was a scroll of immolation.
The gnoll hits you from afar with a +0 halberd!
* * * LOW HITPOINT WARNING * * *
The gnoll hits you from afar with a +0 spear.
You die...

......................##
.................).....##
.....#.......(.. .......# .
..##.##......# ##......#..
.†<..##.##...####..........
..)..........#............
........##......#.....#.
.## ......##.#......#.g)..#
#...
#....).....##...h)gg..#..#
#.#.##.#....#..####......#
#.#............#
#..###.....
#............... #..# ....
#....#......##.....g.. ...
.....##................
.....# .#...............
..............g..........
##....#...#...#...........


You could see 3 gnolls.

Vanquished Creatures
  Grinder (D:3)
  A howler monkey (D:3)
  A gnoll bouda (D:4)
  Jessica (D:2)
  Robin (D:2)
  7 adders
  3 worms
  An orc (D:4)
  2 ball pythons
  6 bats
  3 endoplasms
  A giant cockroach (D:1)
  15 goblins
  10 hobgoblins
  A jackal (D:2)
  2 quokkas
  4 frilled lizards
  12 kobolds
  8 rats
80 creatures vanquished.

Notes
Turn   | Place    | Note
-------+----------+-------------------------------------------
     0 | D:1      | ragingrage the Naga Shapeshifter began the quest for the
                  | Orb.
     0 | D:1      | Reached XP level 1. HP: 18/18 MP: 1/1
   157 | D:1      | Reached XP level 2. HP: 16/25 MP: 2/2
   744 | D:1      | Found a faded altar of an unknown god.
   988 | D:2      | Reached XP level 3. HP: 26/31 MP: 3/3
  1034 | D:2      | Noticed Jessica
  1040 | D:2      | Killed Jessica
  1514 | D:2      | Reached XP level 4. HP: 38/38 MP: 4/4
  1930 | D:2      | Noticed Robin
  1930 | D:2      | Identified the +8 whip of Xiallaeng {distort, rPois rN+}
  2037 | D:3      | Found a blossoming altar of Fedhas.
  2040 | D:3      | Found a stormy altar of Qazlal.
  2049 | D:3      | Reached skill level 4 in Shapeshifting
  2164 | D:2      | Reached XP level 5. HP: 44/44 MP: 5/5
  2218 | D:2      | Found Liumeumu's Weapon Emporium.
  2465 | D:3      | Found Digrit's Assorted Antiques.
  2480 | D:3      | Bought a scroll labelled WEKEME TOR AFO for 32 gold pieces
  2827 | D:4      | Noticed Grinder
  2844 | D:3      | Killed Grinder
  2845 | D:3      | Reached skill level 5 in Shapeshifting
  2845 | D:3      | Reached XP level 6. HP: 23/51 MP: 6/6
  2992 | D:3      | Reached skill level 6 in Shapeshifting
  3162 | D:2      | Killed Robin
  3838 | D:4      | Reached skill level 1 in Maces & Flails
  3838 | D:4      | Reached XP level 7. HP: 25/57 MP: 7/7
  3840 | D:4      | Slain by a gnoll

Illustrated notes

Levels and vault maps discovered:
D:1:      dpeg_arrival_castle, layout_rooms, shapermc_ecumenical_altar_ellora
D:2:      minmay_razor_zed, layout_loops_cross, serial_shops, shop,
          uniq_jessica, uniq_robin
D:3:      layout_rooms, grunt_temple_overflow_forces_of_nature, serial_shops,
          shop
D:4:      layout_cave_pools, uniq_grinder

Skill      XL: |  1  2  3  4  5  6 |
---------------+-------------------+-----
Unarmed Combat | 4 |  4.4
Shapeshifting  | 4 5 6 |  6.2
Maces & Flails | 1 |  1.4
Fighting       | |  1.0
Dodging        | |  1.5

Action                     |  1- 3 |  4- 6 |  7- 9 || total
---------------------------+-------+-------+-------++-------
  Melee: Unarmed           |    37 |    82 |       ||   119
         Punch             |       |     4 |       ||     4
         Whip              |       |    14 |       ||    14
  Throw: Dart              |       |     1 |       ||     1
Ability: Spit Poison       |    18 |    31 |       ||    49
    Use: Potion            |     1 |     3 |       ||     4
         Scroll            |       |     4 |     3 ||     7
 Armour: Animal skin       |    25 |   101 |     5 ||   131
         Skin              |     9 |       |       ||     9
  Dodge: Dodged            |    20 |    62 |     1 ||    83

Table legend: (Time is in decaauts)
 A = Elapsed time spent in this place.
 B = Non-inter-level travel time spent in this place.
 C = Inter-level travel time spent in this place.
 D = Time resting spent in this place.
 E = Time spent auto-exploring this place.
 F = Levels seen in this place.
 G = Mean time per level.
                   A        B        C        D        E       F      G
               +--------+--------+--------+--------+--------+-----+--------+
         Total |   4783 |   4371 |    412 |    812 |   2897 |   4 | 1195.8 |
       Dungeon |   4783 |   4371 |    412 |    812 |   2897 |   4 | 1195.8 |
               +--------+--------+--------+--------+--------+-----+--------+

Top non-repeatable levels by time:
     D:2: 2280 daAuts
     D:3: 1258 daAuts
     D:1: 1088 daAuts
     D:4: 156 daAuts
